Map: King's Cove LE

Players

afanasy

  • Race: Zerg Zerg
  • League: Diamond
  • Spawn Location: 5:00

wootwoot - Winner!

  • Race: Terran Terran
  • League: Diamond
  • Spawn Location: 11:00

VOD

Have the link to the VOD?

Description

Time

  • Played on: April 2, 2025, 8:38 p.m.
  • Length: 7:50
Show
View Real Time Build Order
Export as new Build Order

afanasy Zerg 

Build Orders: Hatch First 

Get SALT Encoding   

  12  0:09  Drone  
  13  0:15  Overlord  
  13  0:22  Drone  
  14  0:35  Drone x2  
  16  0:42  Drone  
  17  0:57  Hatchery  
  17  1:00  Drone  
  17  1:12  Drone  
  17  1:18  Extractor  
  17  1:20  Spawning Pool  
  17  1:25  Drone x2  
  18  1:37  Drone  
  19  1:48  Overlord  
  19  1:57  Drone  
  20  2:11  Queen x2  
  20  2:12  Zergling x4  
  26  2:21  Drone x2  
  28  2:40  Drone  
  28  2:41  Drone  
  30  2:46  Queen x2  
  34  2:52  Metabolic Boost  
  34  2:56  Overlord  
  34  3:01  Drone x2  
  36  3:05  Overlord  
  36  3:15  Drone  
  36  3:16  Drone x3  
  40  3:20  Drone x4  
  44  3:32  Overlord  
  44  3:35  Extractor  
  43  3:41  Queen  
  45  4:00  Roach Warren  
  43  4:04  Drone x7  
  43  4:05  Drone x5  
  55  4:19  Lair  
  55  4:22  Hatchery  
  54  4:25  Extractor  
  53  4:40  Overlord x5  
  53  4:55  Overlord  
  53  5:07  Roach x6  
  65  5:08  Evolution Chamber  
  65  5:10  Extractor  
  65  5:12  Drone  
  65  5:14  Drone x3  
  67  5:24  Evolution Chamber  
  66  5:32  Glial Reconstitution  
  66  5:34  Drone, Roach  
  66  5:35  Roach x4  
  77  5:37  Ravager  
  77  5:38  Ravager x2  
  80  5:44  Zerg Missile Weapons Level 1  
  80  5:47  Drone  
  81  6:08  Zergling x18  
  88  6:36  Roach x7  
  87  6:53  Roach x6  
  85  7:03  Zergling x8  
  83  7:09  Zergling x4  
  72  7:16  Roach x3  
Show
View Real Time Build Order
Export as new Build Order

wootwoot Terran - Winner!

Build Orders: 2 Factory, Gas First Reaper Expand 

Get SALT Encoding   

  12  0:00  SCV  
  13  0:12  SCV  
  14  0:18  Supply Depot  
  14  0:24  SCV  
  15  0:29  Refinery  
  15  0:39  SCV  
  16  0:46  Barracks  
  16  0:52  SCV  
  17  1:04  SCV  
  18  1:16  SCV  
  19  1:33  Orbital Command, Reaper  
  20  1:46  Command Center  
  20  1:56  Factory  
  20  2:00  SCV  
  21  2:06  Refinery  
  21  2:12  SCV  
  21  2:13  Barracks Reactor  
  22  2:18  Supply Depot  
  22  2:24  SCV  
  23  2:39  SCV  
  23  2:42  Factory  
  24  2:52  SCV  
  24  2:53  Hellion x2  
  29  3:04  Barracks Tech Lab, SCV  
  30  3:15  Orbital Command  
  30  3:16  SCV  
  30  3:19  Hellion x2  
  35  3:28  SCV  
  35  3:32  Mag-Field Accelerator  
  36  3:39  Cyclone  
  36  3:40  SCV  
  40  3:47  SCV  
  41  3:50  Supply Depot  
  41  3:52  Supply Depot, SCV  
  42  3:59  SCV  
  43  4:04  SCV  
  43  4:05  Hellion  
  46  4:12  SCV, Hellion  
  46  4:16  SCV  
  50  4:24  SCV, Factory  
  51  4:26  Factory  
  51  4:27  Factory  
  51  4:29  SCV  
  52  4:33  Refinery  
  52  4:36  SCV  
  53  4:45  SCV  
  54  4:47  Refinery  
  54  4:48  SCV  
  54  4:51  Cyclone  
  58  4:54  Supply Depot  
  58  4:57  Supply Depot, SCV  
  59  5:00  SCV  
  59  5:01  Hellion  
  62  5:11  Factory Tech Lab  
  62  5:12  Factory Reactor, Factory Tech Lab  
  62  5:14  Supply Depot, Infernal Pre-Igniter  
  62  5:15  Supply Depot  
  62  5:16  Hellion  
  62  5:19  SCV x2  
  66  5:28  Cyclone  
  69  5:32  Cyclone  
  72  5:41  Hellion x2  
  72  5:42  Cyclone  
  79  5:46  Supply Depot  
  79  5:49  Hellion x2  
  83  6:00  Cyclone  
  86  6:05  Cyclone  
  86  6:08  Supply Depot  
  89  6:13  Hellion  
  89  6:14  Cyclone  
  94  6:20  SCV  
  95  6:25  SCV  
  95  6:32  SCV, Cyclone  
  100  6:37  Cyclone  
  101  6:42  SCV  
  101  6:46  Cyclone  
  99  6:59  SCV  
  99  7:00  Hellion x3  
  99  7:01  Hellion  
  102  7:04  Cyclone  
  103  7:09  Cyclone  
  101  7:18  Cyclone  
  101  7:22  Hellion x3  
  110  7:38  Supply Depot  
  110  7:40  Supply Depot  
  110  7:45  Supply Depot  
  110  7:47  Supply Depot  
Tags
 
Add a new tag
Caveats
  • Supply blocks, unpowered buildings, or Contaminate may cause inaccurate times.
  • Supply counts are checked every 10 seconds.